 Dungeon Crawl Stone Soup version 0.29-a0-322-g68df515428 (webtiles) character file.

Game seed: 2615684220521440117

25 zishaf the Bolt Thrower (level 2, -3/27 HPs)
             Began as a Deep Dwarf Hunter on Apr 5, 2022.
             Slain by an iguana (5 damage)
             ... on level 2 of the Dungeon.
             The game lasted 00:01:27 (638 turns).

zishaf the Bolt Thrower (Deep Dwarf Hunter)          Turns: 638, Time: 00:01:28

Health: -3/27      AC:  3    Str: 14    XL:     2   Next: 82%
Magic:  2/2        EV: 12    Int:  9    God:
Gold:   56         SH:  0    Dex: 16    Spells: 1/1 levels left

rFire   + . .      SeeInvis .   a - +1 hand crossbow
rCold   . . .      Faith    .   (no shield)
rNeg    . . .      Spirit   .   d - +0 leather armour
rPois   .          Reflect  .   (no helmet)
rElec   .          Harm     .   (no cloak)
rCorr   .          Rampage  .   (no gloves)
Will    +....                   (no boots)
Stlth   ++........              (no amulet)
HPRegen 0.00/turn               e - ring of willpower
MPRegen 0.08/turn               j - ring of protection from fire

@: no status effects
A: damage resistance, heal wounds, sense surroundings 1, no regeneration
a: Heal Wounds


You were on level 2 of the Dungeon.
You visited 1 branch of the dungeon, and saw 2 of its levels.

You collected 56 gold pieces.

Inventory:

Hand Weapons
 a - a +1 hand crossbow (weapon)
 b - a +0 dagger
Armour
 d - a +0 leather armour (worn)
Jewellery
 e - a ring of willpower (left hand)
 j - a ring of protection from fire (right hand)
Scrolls
 c - a scroll of immolation
 f - a scroll of enchant armour {unknown}
 g - a scroll of amnesia {unknown}
Potions
 h - a potion of heal wounds {unknown}
 i - a potion of curing {unknown}


   Skills:
 + Level 2.5 Fighting
 - Level 4.3 Crossbows
 + Level 1.9 Armour
 - Level 2.1 Dodging
 - Level 1.2 Stealth


You had one spell level left.
You didn't know any spells.
Your spell library contained the following spells:

 Spells                   Type           Power      Damage    Failure   Level
 Sting                    Tmut/Pois      0%         1d3       45%         1
 Poisonous Vapours        Pois/Air       0%         N/A       58%         2
 Olgreb's Toxic Radiance  Pois           0%         N/A       99%         4


Dungeon Overview and Level Annotations

Branches:
Dungeon (2/15)

Altars:


Innate Abilities, Weirdness & Mutations

You are resistant to damage.
You can heal yourself by infusing magical energy.
You passively map a small area around you.
You do not regenerate.


Message History

You shoot a bolt.
The bolt hits the kobold but does no damage.
The kobold hits you but does no damage. The kobold closely misses you.
You shoot a bolt. The bolt closely misses the kobold.
The kobold hits you but does no damage.
You shoot a bolt. The bolt barely misses the kobold.
The kobold hits you but does no damage.
You shoot a bolt. The bolt hits the kobold.
You kill the kobold!
No target in view!
Things that are here:
a +0 short sword; a kobold corpse
Found a pair of gloves.
An iguana comes into view.
The iguana hisses angrily.
You shoot a bolt. The bolt hits the iguana.
The iguana is lightly wounded.
The iguana bites you! The iguana bites you.
* * * LOW HITPOINT WARNING * * *
You are too injured to fight recklessly!
Shoot: a) +1 hand crossbow
Press: ? - help, Q - select action, (/) - cycle Shift-Dir - straight line, f/p - iguana
Aim: an iguana (lightly wounded, 69% to hit)
You shoot a bolt. The bolt hits the iguana.
The iguana is moderately wounded.
The iguana bites you.
* * * LOW HITPOINT WARNING * * *
Shoot: a) +1 hand crossbow
Press: ? - help, Q - select action, (/) - cycle Shift-Dir - straight line, f/p - iguana
Aim: an iguana (moderately wounded, 69% to hit)
You shoot a bolt. The bolt hits the iguana.
The iguana is moderately wounded.
The iguana closely misses you.
Shoot: a) +1 hand crossbow
Press: ? - help, Q - select action, (/) - cycle Shift-Dir - straight line, f/p - iguana
Aim: an iguana (moderately wounded, 69% to hit)
You shoot a bolt. The bolt hits the iguana.
The iguana is heavily wounded.
The iguana bites you.
You die...

, *
#.########.#
, * , ,#.
#.#, , # #.#
, * #.# *
#.# * * #.#
, #.# *
#.########.#
.......@...#
* *
#..###?l####
,, #[#..
.$###..* *
##. ,,..# *#
### , *


You could see an iguana.

Vanquished Creatures
  A dart slug (D:1)
  A ball python (D:1)
  3 bats (D:1)
  An endoplasm (D:1)
  2 giant cockroaches
  3 goblins (D:1)
  3 hobgoblins
  3 kobolds
  A rat (D:1)
18 creatures vanquished.

Notes
Turn   | Place    | Note
-------+----------+-------------------------------------------
     0 | D:1      | zishaf the Deep Dwarf Hunter began the quest for the Orb.
     0 | D:1      | Reached XP level 1. HP: 19/19 MP: 1/1
    57 | D:1      | Found a faded altar of an unknown god.
    59 | D:1      | Reached skill level 1 in Armour
    85 | D:1      | Reached XP level 2. HP: 26/26 MP: 2/2
   638 | D:2      | Slain by an iguana

Illustrated notes

Levels and vault maps discovered:
D:1:      shiori_arrival_oz, layout_loops_ring,
          chequers_ecumenical_altar_simple_redux, chequers_serial_rivers_room_b
D:2:      layout_basic, basic_altar, minmay_tetromino_t2

Skill      XL: |  1 |
---------------+----+-----
Fighting       | 2 |  2.5
Armour         | 1 |  1.9
Crossbows      | |  4.3
Dodging        | |  2.1
Stealth        | |  1.2

Action                   || total
-------------------------++-------
Melee: Dagger            ||     3
 Fire: Hand crossbow     ||    59
Armor: Leather armour    ||    15
Dodge: Dodged            ||    18

Table legend: (Time is in decaauts)
 A = Elapsed time spent in this place.
 B = Non-inter-level travel time spent in this place.
 C = Inter-level travel time spent in this place.
 D = Time resting spent in this place.
 E = Time spent auto-exploring this place.
 F = Levels seen in this place.
 G = Mean time per level.
                   A        B        C        D        E       F      G
               +--------+--------+--------+--------+--------+-----+--------+
         Total |    655 |    638 |     17 |      0 |    511 |   2 |  327.5 |
       Dungeon |    655 |    638 |     17 |      0 |    511 |   2 |  327.5 |
               +--------+--------+--------+--------+--------+-----+--------+

Top non-repeatable levels by time:
     D:1: 602 daAuts
     D:2: 53 daAuts
